 Dungeon Crawl Stone Soup version 0.17.1-3-g152610e (webtiles) character file.

216 Jerry the Sneak (level 5, 0/34 HPs)
             Began as an Octopode Artificer on Mar 3, 2016.
             Slain by a giant newt (2 damage)
             ... on level 5 of the Dungeon.
             The game lasted 00:15:27 (3299 turns).

Jerry the Sneak (Octopode Artificer)                Turns: 3299, Time: 00:15:27

Health: 0/34       AC:  1    Str: 10    XL:     5   Next: 93%
Magic:  7/7        EV: 14    Int: 14    God:
Gold:   198        SH:  0    Dex: 14    Spells: 0 memorised, 4 levels left

rFire  x . .     SeeInvis +     r - +8 mace of Dissatisfaction {crush, *Noise rElec SInv}
rCold  + . .     Clarity  .     (no shield)
rNeg   . . .     SustAt   .     (helmet restricted)
rPois  .         Gourm    .     (no amulet)
rElec  +         Spirit   .     j - ring of wizardry
rCorr  .         Warding  .     q - ring of ice
rMut   .         Stasis   .     (no ring)
MR     .....                    (no ring)
Stlth  ++++......               (no ring)
                                (no ring)
                                (no ring)
                                (no ring)

@: not resistant to hostile enchantments, stealthy
A: almost no armour, amphibious, 8 rings, constrict 8, camouflage 1, gelatinous
body 1
a: no special abilities


You were on level 5 of the Dungeon.
You were not hungry.

You visited 1 branch of the dungeon, and saw 5 of its levels.

You collected 198 gold pieces.

Inventory:

Hand Weapons
 a - a +1 short sword
 r - the +8 mace of Dissatisfaction (weapon) {crush, *Noise rElec SInv}
   (You found it on level 5 of the Dungeon)

   It inflicts extra damage upon your enemies.
   It insulates you from electricity.
   It lets you see invisible.
   It may make noises in combat.
Missiles
 u - 24 sling bullets (quivered)
Jewellery
 j - a ring of wizardry (left tentacle)
 q - a ring of ice (right tentacle)
Wands
 b - a wand of flame (15)
 c - a wand of enslavement (14)
 d - a wand of random effects (15)
 w - a wand of fire (6)
Scrolls
 f - 4 scrolls of identify
 g - a scroll of remove curse
 h - 4 scrolls of magic mapping
 l - a scroll of immolation
 m - 2 scrolls of enchant weapon
 v - a scroll of blinking
Potions
 k - a potion of degeneration {unknown}
 o - 2 potions of curing
 p - a potion of cancellation {unknown}
 s - 2 potions of heal wounds {unknown}
 x - a potion of haste {unknown}
 z - a potion of resistance {unknown}
 B - a potion of agility {unknown}
Miscellaneous
 t - a plain deck of wonders
Comestibles
 e - a bread ration
 i - 2 beef jerkies
 n - a slice of pizza
 A - 2 fruits


   Skills:
 - Level 2.0 Fighting
 - Level 2.0 Short Blades
 + Level 4.2 Dodging
 - Level 4.5 Stealth
 - Level 3.2 Evocations


You had 4 spell levels left.
You didn't know any spells.

Dungeon Overview and Level Annotations

Branches:
Dungeon (5/15)
 Temple: D:4-7

Altars:
Cheibriados
Nemelex Xobeh


Innate Abilities, Weirdness & Mutations

You cannot wear most types of armour.
You are amphibious.
You can wear up to eight rings at the same time.
You can use your tentacles to constrict eight enemies at once.
Your skin changes colour to match your surroundings (Stealth).
Your rubbery body absorbs attacks (AC +1).


Message History

* * * LOW HITPOINT WARNING * * *
The giant newt closely misses you. The giant newt barely misses you.
The giant newt misses you. The giant newt bites you.
* * * LOW HITPOINT WARNING * * *
The giant newt bites you.
* * * LOW HITPOINT WARNING * * *
The giant newt barely misses you. The giant newt bites you.
* * * LOW HITPOINT WARNING * * *
The giant newt bites you.
* * * LOW HITPOINT WARNING * * *
The giant newt barely misses you. The giant newt barely misses you.
The giant newt barely misses you. The giant newt barely misses you.
The giant newt closely misses you. The giant newt bites you.
You die...

............# ....
...>........# ....
............ ...!
.......... ... #... #..#
##### ..#
###...##..###...####..####
...).....(.........[......
..................<.......
...........@l.............
###.)##...####+###.##.####
#. ##### #+# # .. #. #


You could see a giant newt.

Vanquished Creatures
  A giant frog zombie (D:5)
  A jelly (D:3)
  4 gnolls (D:3)
  5 adders
  An ooze (D:3)
  3 giant geckos
  An orc (D:3)
  5 bats
  5 goblins
  6 hobgoblins
  7 jackals (D:1)
  9 kobolds
  A quokka (D:2)
  A ball python (D:3)
  6 giant cockroaches
  2 giant newts
  10 rats
68 creatures vanquished.

Notes
Turn   | Place    | Note
--------------------------------------------------------------
     0 | D:1      | Jerry the Octopode Artificer began the quest for the Orb.
     0 | D:1      | Reached XP level 1. HP: 13/13 MP: 3/3
   341 | D:1      | Reached XP level 2. HP: 13/18 MP: 4/4
   801 | D:1      | Reached XP level 3. HP: 18/24 MP: 5/5
  1052 | D:1      | You fall through a shaft!
  1552 | D:2      | Found a sparkling altar of Nemelex Xobeh.
  1666 | D:2      | Reached XP level 4. HP: 29/29 MP: 6/6
  2428 | D:3      | Reached XP level 5. HP: 30/34 MP: 7/7
  2453 | D:3      | Reached skill level 4 in Stealth
  3139 | D:4      | Found a snail-covered altar of Cheibriados.
  3194 | D:5      | Entered Level 5 of the Dungeon
  3208 | D:5      | Got an iridescent mace
  3209 | D:5      | Identified the +8 mace of Dissatisfaction {crush, *Noise rElec SInv} (You found it on level 5 of the Dungeon)
  3293 | D:5      | HP: 1/34 [giant newt (1)]
  3299 | D:5      | Slain by a giant newt

Action                   |  1- 3 |  4- 6 || total
-------------------------+-------+-------++-------
Melee: Short sword       |    90 |    71 ||   161
       Mace              |       |     3 ||     3
Evoke: Wand              |     1 |       ||     1
  Use: Scroll            |       |     6 ||     6
 Stab: Sleeping          |    12 |     8 ||    20
       Distracted        |     1 |       ||     1
  Eat: Chunk             |     2 |     5 ||     7
